 Dungeon Crawl Stone Soup version 0.26-a0-808-g930a2b7adc (webtiles) character file.

Game seed: 10565913159457246559

14479 Peloso the Carver (level 11, 0/97 HPs)
             Began as a Minotaur Fighter on Nov 12, 2020.
             Was a High Priest of Okawaru.
             Slain by a water moccasin (1 damage)
             ... while petrified by a basilisk
             ... on level 2 of the Lair of Beasts.
             The game lasted 00:22:50 (8285 turns).

Peloso the Carver (Minotaur Fighter)                Turns: 8285, Time: 00:22:51

Health: 0/97       AC: 11    Str: 22    XL:     11   Next: 89%
Magic:  11/11      EV:  2    Int:  5    God:    Okawaru [*****.]
Gold:   689        SH:  0    Dex: 12    Spells: 10/10 levels left

rFire    . . .     SeeInvis .   a - +1 long sword
rCold    . . .     Faith    .   c - +2 tower shield
rNeg     + + +     Spirit   .   y - +0 swamp dragon scales
rPois    ∞         Reflect  .   (helmet restricted)
rElec    .         Harm     .   H - +1 cloak
rCorr    .         Rampage  .   (no gloves)
MR       .....                  (no boots)
Stlth    +.........             h - amulet of regeneration
HPRegen  0.66/turn              e - +4 ring of evasion
MPRegen  0.12/turn              (no ring)

@: petrified
A: retaliatory headbutt, horns 2
a: Heroism, Finesse, Renounce Religion


You were on level 2 of the Lair of Beasts.
You worshipped Okawaru.
Okawaru was extremely pleased with you.
You visited 3 branches of the dungeon, and saw 14 of its levels.

You collected 689 gold pieces.

Inventory:

Hand Weapons
 a - a +1 long sword (weapon)
 b - a +2 war axe of flaming
Armour
 c - a +2 tower shield (worn)
 l - a +0 plate armour
 y - +0 swamp dragon scales (worn)
 H - a +1 cloak (worn)
Jewellery
 e - a +4 ring of evasion (left hand)
 h - an amulet of regeneration (around neck)
Wands
 x - a wand of flame (33)
 E - a wand of disintegration (12)
Scrolls
 d - a scroll of summoning
 f - 3 scrolls of blinking {unknown}
 j - 2 scrolls of identify
 k - 3 scrolls of teleportation
 m - 3 scrolls of noise
 p - 4 scrolls of fear
 q - 6 scrolls of enchant weapon
 t - 7 scrolls of remove curse
 v - a scroll of fog {unknown}
 C - a scroll of random uselessness {unknown}
 D - 2 scrolls of amnesia
 G - a scroll of magic mapping {unknown}
Potions
 g - 3 potions of curing
 n - 3 potions of brilliance
 o - a potion of mutation
 r - 2 potions of ambrosia
 s - a potion of invisibility {unknown}
 u - a potion of haste
 w - 2 potions of flight
 z - 2 potions of lignification {unknown}
 A - 4 potions of magic {unknown}
 B - 2 potions of berserk rage {unknown}
 F - a potion of heal wounds {unknown}


   Skills:
 + Level 9.4 Fighting
 + Level 13.7 Long Blades
 + Level 8.2 Armour
 + Level 4.5 Dodging
 + Level 0.5 Stealth
 + Level 13.4 Shields
 + Level 1.8 Invocations
 + Level 0.1 Evocations


You had 10 spell levels left.
You didn't know any spells.
Your spell library contained the following spells:

 Spells                   Type           Power        Failure   Level
 Sting                    Tmut/Pois      #...         98%         1
 Poisonous Vapours        Pois/Air       #.....       99%         2
 Ignite Poison            Fire/Tmut/Pois #.......     100%        3
 Mephitic Cloud           Conj/Pois/Air  #.......     100%        3
 Cause Fear               Hex            #.........   100%        4
 Olgreb's Toxic Radiance  Pois           #.......     100%        4
 Fireball                 Conj/Fire      #.........   100%        5
 Silence                  Hex/Air        #.........   100%        5
 Yara's Violent Unravell  Hex/Tmut       #.........   100%        5
 Starburst                Conj/Fire      #.........   100%        6
 Discord                  Hex            #.........   100%        8
 Ignition                 Fire           #.........   100%        8


Dungeon Overview and Level Annotations

Branches:
Dungeon (11/15)            Temple (1/1) D:4            Lair (1/6) D:10
  Swamp (0/4) Lair:2          Orc (0/2) D:10

Altars:
Ashenzari
Cheibriados
Dithmenos
Elyvilon
Fedhas
Gozag
Kikubaaqudgha
Makhleb
Nemelex Xobeh
Okawaru
Qazlal
Ru
Sif Muna
Trog
Uskayaw
Wu Jian
Xom
Yredelemnul
The Shining One

Shops:
D:5 :   D:7 [


Innate Abilities, Weirdness & Mutations

You reflexively headbutt those who attack you in melee.
You have a pair of horns on your head.


Message History

* * * LOW HITPOINT WARNING * * *
The water moccasin bites you.
* * * LOW HITPOINT WARNING * * *
The water moccasin bites you but does no damage.
The cane toad stings you but does no damage.
The water moccasin bites you but does no damage.
The water moccasin bites you but does no damage.
The water moccasin bites you.
* * * LOW HITPOINT WARNING * * *
The cane toad stings you but does no damage.
The water moccasin bites you.
* * * LOW HITPOINT WARNING * * *
The water moccasin bites you.
* * * LOW HITPOINT WARNING * * *
The komodo dragon bites you!!
* * * LOW HITPOINT WARNING * * *
The cane toad stings you!!
* * * LOW HITPOINT WARNING * * *
The water moccasin bites you. x2
You die...

#.# ....
#.##.... .#..
§§.§§.§
..#..... ....
§§...# ...# ...
#...§ .§...#
..# .... .....
.....##
..#P....
....#....P#
........
###..#k....#
...#....
.#....lSS..##
#.......
.......@....#
##.#....
.......F.......
........
...............
....D...
...............
........
..........D....
........
............###
#P#....#
#####.##....# #
# .# .....


You could see a six-headed hydra, a komodo dragon, a cane toad, a swamp drake
and 2 water moccasins.

Vanquished Creatures
  A centaur warrior (D:10)
  An unseen horror (D:10)
  An elephant (D:10)
  An ugly thing (D:9)
  Joseph (D:7)
  A cane toad (Lair:1)
  4 torpor snails (Lair:1)
  Maggie (D:7)
  2 komodo dragons
  2 trolls (D:9)
  A hornet (D:9)
  Prince Ribbit (D:8)
  Sigmund (D:5)
  13 yaks
  A wyvern (D:10)
  Eustachio (D:4)
  A basilisk (D:10)
  A water moccasin (Lair:1)
  5 orc warriors
  4 black bears
  4 ice beasts
  3 sky beasts
  6 ogres
  4 phantoms
  6 centaurs
  7 bullfrogs
  A water moccasin zombie (D:8)
  7 scorpions
  14 killer bees
  7 wights
  A howler monkey (D:9)
  2 centaur zombies
  4 quasits
  A bullfrog zombie (D:4)
  A bullfrog skeleton (D:10)
  A gnoll shaman (D:3)
  7 orc priests
  4 centaur skeletons
  4 hounds
  10 orc wizards
  5 iguanas
  10 worker ants
  A killer bee zombie (D:10)
  A hound zombie (D:10)
  3 gnolls (D:4)
  10 adders
  A howler monkey skeleton (D:5)
  3 shadow imps
  5 white imps
  2 ufetubi
  An adder skeleton (D:9)
  A worm (D:6)
  2 dart slugs
  4 leopard geckos
  42 orcs
  4 ball pythons
  6 bats
  5 giant cockroaches
  8 goblins
  9 hobgoblins
  4 jackals
  9 quokkas
  5 frilled lizards
  A jackal skeleton (D:4)
  11 kobolds
  2 leopard gecko zombies
  A quokka zombie (D:9)
  6 rats
300 creatures vanquished.

Notes
Turn   | Place    | Note
-------+----------+-------------------------------------------
     0 | D:1      | Peloso the Minotaur Fighter began the quest for the Orb.
     0 | D:1      | Reached XP level 1. HP: 19/19 MP: 0/0
   101 | D:1      | Reached XP level 2. HP: 27/27 MP: 1/1
   585 | D:2      | Reached XP level 3. HP: 31/33 MP: 2/2
  1542 | D:3      | Reached XP level 4. HP: 40/41 MP: 3/3
  1902 | D:4      | Reached skill level 1 in Dodging
  1902 | D:4      | Reached XP level 5. HP: 47/47 MP: 4/4
  1904 | D:4      | Noticed a phantom
  1947 | D:3      | Reached skill level 5 in Shields
  2036 | D:3      | Killed a phantom
  2057 | D:4      | Reached XP level 6. HP: 53/53 MP: 5/5
  2125 | D:4      | Noticed Eustachio
  2148 | D:4      | Killed Eustachio
  2148 | D:4      | Reached skill level 5 in Long Blades
  2148 | D:4      | Reached skill level 5 in Armour
  2165 | D:4      | Found a shadowy altar of Dithmenos.
  2221 | D:4      | Found a staircase to the Ecumenical Temple.
  2279 | Temple   | Entered the Ecumenical Temple
  2387 | Temple   | Became a worshipper of Warmaster Okawaru
  2708 | D:5      | Entered Level 5 of the Dungeon
  2710 | D:5      | Noticed Sigmund
  2727 | D:5      | Killed Sigmund
  2727 | D:5      | Reached XP level 7. HP: 52/60 MP: 6/6
  2772 | D:5      | Reached * piety under Okawaru
  2772 | D:5      | Reached skill level 5 in Fighting
  2810 | D:5      | Found Fecumy's Book Shoppe.
  2952 | D:5      | Found a white marble altar of Elyvilon.
  3233 | D:5      | Reached XP level 8. HP: 68/68 MP: 7/7
  3401 | D:5      | Reached ** piety under Okawaru
  3893 | D:6      | Found a white marble altar of Elyvilon.
  3893 | D:6      | Found a sacrificial altar of Ru.
  3953 | D:6      | Reached XP level 9. HP: 74/75 MP: 8/8
  4474 | D:7      | Reached *** piety under Okawaru
  4501 | D:6      | Reached skill level 10 in Long Blades
  4653 | D:7      | Found Tuis's Armour Shop.
  4681 | D:7      | Noticed Maggie
  4702 | D:7      | Killed Maggie
  4802 | D:7      | Noticed Joseph
  4814 | D:7      | Killed Joseph
  5290 | D:8      | Reached **** piety under Okawaru
  5297 | D:8      | Reached XP level 10. HP: 69/86 MP: 9/9
  5316 | D:8      | Received a gift from Okawaru
  5316 | D:8      | Reached skill level 10 in Shields
  5555 | D:8      | Noticed Prince Ribbit
  5565 | D:8      | Killed Prince Ribbit
  5865 | D:9      | Noticed a white ugly thing
  5885 | D:9      | Killed a white ugly thing
  6003 | D:9      | Reached skill level 1 in Invocations
  6172 | D:9      | Reached ***** piety under Okawaru
  6558 | D:9      | Found an ornate altar of the Wu Jian Council.
  6619 | D:9      | Reached XP level 11. HP: 81/94 MP: 11/11
  6797 | D:10     | Entered Level 10 of the Dungeon
  6869 | D:10     | Received a gift from Okawaru
  6999 | D:10     | Found a staircase to the Orcish Mines.
  7211 | D:10     | Noticed a centaur warrior
  7224 | D:10     | Killed a centaur warrior
  7292 | D:10     | Killed an unseen horror
  7461 | D:10     | Found a staircase to the Lair.
  7925 | Lair:1   | Entered Level 1 of the Lair of Beasts
  8134 | Lair:1   | Found a snail-covered altar of Cheibriados.
  8262 | Lair:1   | You fall into a shaft and drop 1 floor!
  8263 | Lair:2   | Noticed a four-headed hydra
  8268 | Lair:2   | Noticed a seven-headed hydra
  8270 | Lair:2   | Noticed a death yak
  8279 | Lair:2   | Found a staircase to the Swamp.
  8282 | Lair:2   | Noticed a six-headed hydra
  8285 | Lair:2   | HP: 1/97 [cane toad (9)]
  8285 | Lair:2   | Slain by a water moccasin

Illustrated notes

Levels and vault maps discovered:
D:1:      zelgadis_glass_arrival_small, layout_rooms
D:2:      layout_basic
D:3:      layout_rooms
D:4:      layout_basic, old_standard_altar, minmay_temple_entry_antechambers,
          uniq_eustachio
D:5:      kennysheep_windowed_halls, layout_gridville, serial_shops, shop,
          elyvilon_altar_1, uniq_sigmund
D:6:      layout_basic, amethyst_overflow_temple_binary
D:7:      layout_basic, serial_shops, nicolae_shop_trees, uniq_joseph,
          uniq_maggie
D:8:      layout_rooms, uniq_prince_ribbit1
D:9:      layout_basic, lemuel_coloured_pillars_altar
D:10:     layout_rooms, david_lair_generic, david_orc_2,
          minmay_fractal_squares_5
D:11:     minmay_the_grid_octo_triangle [minmay_the_grid_octo_focus,
          minmay_the_grid_octo_prize_single_spiral,
          minmay_the_grid_octo_toaster], layout_gridville, kennysheep_nub,
          kennysheep_generic_room_13, uniq_josephine
Temple:   dpeg_five_rooms_temple
Lair:1:   layout_loops_ring, kennysheep_snail_temple
Lair:2:   layout_regular_city, minmay_swamp_entry_reptiles, lemuel_fruit_tree,
          uniq_urug

Skill      XL: |  1  2  3  4  5  6  7  8  9 10 11 |
---------------+----------------------------------+-----
Fighting       | 4 5 6 7 8 9 |  9.4
Armour         | 4 5 6 7 8 |  8.2
Shields        | 4 5 6 7 9 11 13 | 13.4
Long Blades    | 3 4 6 7 9 11 12 13 | 13.7
Dodging        | 1 2 3 4 |  4.5
Invocations    | 1 |  1.8
Stealth        | |  0.5
Evocations     | |  0.1

Action                   |  1- 3 |  4- 6 |  7- 9 | 10-12 || total
-------------------------+-------+-------+-------+-------++-------
Melee: Long sword        |   112 |    76 |   387 |   616 ||  1191
       Headbutt          |    12 |    12 |    89 |   166 ||   279
Invok: Heroism           |       |       |     2 |     2 ||     4
Evoke: Wand              |       |       |     3 |       ||     3
  Use: Potion            |     4 |       |     2 |       ||     6
       Scroll            |       |     1 |     9 |     2 ||    12
Armor: Scale mail        |    34 |       |       |       ||    34
       Plate armour      |    24 |    38 |   157 |       ||   219
       Swamp dragon scal |       |       |    15 |   113 ||   128
Dodge: Dodged            |    48 |    27 |   108 |   173 ||   356
Block: Kite shield       |    71 |    46 |    55 |       ||   172
       Tower shield      |       |       |   282 |   551 ||   833
       Rpst.: Long sword |    11 |     9 |    22 |    41 ||    83

Table legend: (Time is in decaauts)
 A = Elapsed time spent in this place.
 B = Non-inter-level travel time spent in this place.
 C = Inter-level travel time spent in this place.
 D = Time resting spent in this place.
 E = Time spent auto-exploring this place.
 F = Levels seen in this place.
 G = Mean time per level.
                   A        B        C        D        E       F      G
               +--------+--------+--------+--------+--------+-----+--------+
         Total |   8285 |   8122 |    163 |     75 |   5100 |  14 |  591.8 |
       Dungeon |   7721 |   7558 |    163 |     75 |   4799 |  11 |  701.9 |
        Temple |    186 |    186 |      0 |      0 |     99 |   1 |  186.0 |
          Lair |    377 |    377 |      0 |      0 |    202 |   2 |  188.5 |
               +--------+--------+--------+--------+--------+-----+--------+

Top non-repeatable levels by time:
     D:5: 1156 daAuts
     D:9: 959 daAuts
    D:10: 925 daAuts
     D:2: 702 daAuts
     D:3: 695 daAuts
     D:8: 665 daAuts
     D:7: 659 daAuts
     D:6: 631 daAuts
     D:4: 630 daAuts
     D:1: 529 daAuts
  Lair:1: 352 daAuts
  Temple: 186 daAuts
    D:11: 166 daAuts
  Lair:2: 24 daAuts
